 Dungeon Crawl Stone Soup version 0.27-a0-1200-g94dc6ad4cf (webtiles) character file.

Game seed: 11886249240066032697

105 freelancePsychic the Skirmisher (level 4, -2/37 HPs)
             Began as a Demonspawn Fighter on May 30, 2021.
             Slain by Sigmund
             ... wielding a +0 scythe
              (3 damage)
             ... while paralysed by Grinder
             ... on level 3 of the Dungeon.
             The game lasted 00:04:11 (3599 turns).

freelancePsychic the Skirmisher (DsFi)              Turns: 3599, Time: 00:04:11

Health: -2/37      AC:  6    Str: 17    XL:     4   Next: 54%
Magic:  4/4        EV:  2    Int: 10    God:
Gold:   112        SH:  0    Dex: 12    Spells: 3/3 levels left

rFire    . . .     SeeInvis .   j - +1 dagger (drain)
rCold    . . .     Faith    .   b - +0 kite shield
rNeg     . . .     Spirit   .   a - +0 scale mail
rPois    .         Reflect  .   (no helmet)
rElec    .         Harm     .   (no cloak)
rCorr    .         Rampage  .   (no gloves)
Will     .....                  (no boots)
Stlth    ..........             (no amulet)
HPRegen  0.12/turn              (no ring)
MPRegen  0.09/turn              (no ring)

@: paralysed, mighty
A: powered by pain 1
a: no special abilities


You were on level 3 of the Dungeon.
You visited 1 branch of the dungeon, and saw 3 of its levels.

You collected 112 gold pieces.

Inventory:

Hand Weapons
 j - a +1 dagger of draining (weapon)
Armour
 a - a +0 scale mail (worn)
 b - a +0 kite shield (worn)
Jewellery
 i - an amulet of faith
Scrolls
 e - 5 scrolls of identify {unknown}
 f - a scroll of blinking {unknown}
 g - a scroll of enchant armour {unknown}
 l - a scroll of teleportation {unknown}
 p - a scroll of magic mapping {unknown}
Potions
 d - a potion of lignification {unknown}
 h - a potion of invisibility {unknown}
 k - a potion of curing {unknown}
 m - 2 potions of flight {unknown}
 n - a potion of mutation {unknown}
 o - a potion of resistance {unknown}
 q - a potion of haste {unknown}
 r - a potion of attraction {unknown}


   Skills:
 + Level 3.8 Fighting
 * Level 2.1 Short Blades
 - Level 2.6 Armour
 + Level 3.3 Shields
 - Level 2.1 Unarmed Combat


You had 3 spell levels left.
You didn't know any spells.
Your spell library contained the following spells:

 Spells                   Type           Power      Damage    Failure   Level
 Conjure Flame            Conj/Fire      0%         6-21      100%        3
 Inner Flame              Hex/Fire       0%         N/A       100%        3
 Sticky Flame             Conj/Fire      0%         2d3       100%        4
 Summon Lightning Spire   Summ/Air       0%         N/A       100%        4
 Starburst                Conj/Fire      0%         8x6d3     100%        6


Dungeon Overview and Level Annotations

Branches:
Dungeon (3/15)

Altars:

Annotations:
D:3 1 runed translucent door, Crazy Yiuf, Grinder, Sigmund


Innate Abilities, Weirdness & Mutations

You sometimes gain a little power by taking damage.


Message History

Sigmund shouts!
Sigmund moves out of view.
Grinder gestures at you. Pain shoots through your body!
Grinder gestures at you.
You suddenly lose the ability to move!
You can move again.
Unknown command.
You feel very mighty all of a sudden. Grinder hits you but does no damage.
You hit Grinder.
Grinder is lightly wounded.
You block Grinder's attack.
You hit Grinder.
Grinder is lightly wounded.
Grinder hits you but does no damage.
Sigmund casts a spell at himself.
Sigmund flickers and vanishes!
Deactivating autopickup; reactivate with Ctrl-A.
Grinder barely misses you.
You barely miss Grinder.
Grinder is lightly wounded.
Something completely misses you.
Grinder says, "Wait up."
You block Grinder's attack.
You hit Grinder but do no damage.
Grinder is lightly wounded.
Something completely misses you. Grinder gestures at you.
You suddenly lose the ability to move!
Something hits you. Grinder hits you.
You writhe in agony.
Something hits you. Grinder hits you! Something hits you.
Grinder hits you but does no damage. Something hits you.
* * * LOW HITPOINT WARNING * * *
Grinder gestures at you. Pain shoots through your body!
* * * LOW HITPOINT WARNING * * *
Something hits you.
You die...

#.###.## #. #. ##.#####
#. .. #.#...###. ##
##......##. #........#.
#####...#.........
#.......#.......##
#.####.###.....## #@#
#.# ##...## #5# #.#
##.## #{# #.# #.#
##.####.#####.####.
#####...#.#............
#.....#w.#...##...####.
.......###...###.###.###
#####.. ##.#.#.## #.#
.... #.##.## #.#


You could see Grinder and a worm.

Vanquished Creatures
  A howler monkey (D:3)
  A worm (D:3)
  2 orcs (D:3)
  12 ball pythons
  4 endoplasms
  12 giant cockroaches (D:2)
  3 goblins
  2 hobgoblins (D:3)
  2 jackals (D:1)
  2 kobolds (D:1)
  3 quokkas
  6 bats
  2 frilled lizards
  2 rats (D:1)
54 creatures vanquished.

Notes
Turn   | Place    | Note
-------+----------+-------------------------------------------
     0 | D:1      | freelancePsychic the Demonspawn Fighter began the quest for
                  | the Orb.
     0 | D:1      | Reached XP level 1. HP: 18/18 MP: 1/1
   681 | D:1      | Gained mutation: You sometimes gain a little power by
                  | taking damage. [demonic ancestry]
   681 | D:1      | Reached XP level 2. HP: 5/24 MP: 2/2
  1952 | D:2      | Reached XP level 3. HP: 11/29 MP: 3/3
  1980 | D:2      | Reached skill level 1 in Short Blades
  2354 | D:2      | Identified the Almanac of the Cloudy Volcanoes
  2861 | D:2      | Found a faded altar of an unknown god.
  3205 | D:3      | Reached XP level 4. HP: 20/37 MP: 4/4
  3435 | D:3      | Found a runed translucent door.
  3436 | D:3      | Noticed Crazy Yiuf
  3561 | D:3      | Noticed Grinder
  3581 | D:3      | Noticed Sigmund
  3588 | D:3      | Paralysed by Grinder for 2 turns
  3594 | D:3      | Paralysed by Grinder for 7 turns
  3598 | D:3      | HP: 1/37 [Grinder/nerve-wracking pain (9)]
  3599 | D:3      | Slain by Sigmund

Illustrated notes

Levels and vault maps discovered:
D:1:      dpeg_arrival_boxorama, layout_basic, hangedman_decor_growths
D:2:      minmay_roachtagon, layout_basic, ebering_ecumenical_altar_hall
D:3:      layout_loops_ring, kennysheep_generic_room_16,
          uniq_crazy_yiuf_cottage, uniq_sigmund, uniq_grinder

Skill      XL: |  1  2  3 |
---------------+----------+-----
Unarmed Combat | 2 |  2.1
Shields        | 3 |  3.3
Short Blades   | 2 |  2.1
Fighting       | |  3.8
Armour         | |  2.6

Action                   |  1- 3 |  4- 6 || total
-------------------------+-------+-------++-------
Melee: Unarmed           |    78 |       ||    78
       Dagger            |   122 |    26 ||   148
  Use: Potion            |       |     1 ||     1
Armor: Scale mail        |   121 |    14 ||   135
Dodge: Dodged            |    79 |    11 ||    90
Block: Kite shield       |   116 |    12 ||   128

Table legend: (Time is in decaauts)
 A = Elapsed time spent in this place.
 B = Non-inter-level travel time spent in this place.
 C = Inter-level travel time spent in this place.
 D = Time resting spent in this place.
 E = Time spent auto-exploring this place.
 F = Levels seen in this place.
 G = Mean time per level.
                   A        B        C        D        E       F      G
               +--------+--------+--------+--------+--------+-----+--------+
         Total |   3640 |   3533 |    107 |      0 |   3033 |   3 | 1213.3 |
       Dungeon |   3640 |   3533 |    107 |      0 |   3033 |   3 | 1213.3 |
               +--------+--------+--------+--------+--------+-----+--------+

Top non-repeatable levels by time:
     D:1: 1687 daAuts
     D:2: 1462 daAuts
     D:3: 489 daAuts
